 Dungeon Crawl Stone Soup version 0.20-a0-277-g7db01f4 (webtiles) character file.

42 FitzyFitz the Digger (level 3, -1/14 HPs)
             Began as a Vine Stalker Earth Elementalist on Dec 11, 2016.
             Slain by Sigmund
             ... wielding a +0 scythe
              (4 damage)
             ... on level 2 of the Dungeon.
             The game lasted 00:04:38 (2500 turns).

FitzyFitz the Digger (VSEE)                         Turns: 2500, Time: 00:04:39

Health: -1/14      AC:  3    Str: 10    XL:     3   Next: 54%
Magic:  0/6        EV: 12    Int: 16    God:
Gold:   107        SH:  0    Dex: 12    Spells: 5/6 levels left

rFire  . . .     SeeInvis .     a - +0 spear
rCold  . . .     Gourm    .     c - +0 robe
rNeg   . . .     Faith    .     (no shield)
rPois  .         Spirit   +     (no helmet)
rElec  +         Reflect  .     q - +0 cloak
rCorr  .         Harm     .     (no gloves)
MR     +....                    (no boots)
Stlth  ++........               (no amulet)
                                v - ring of protection from magic
                                (no ring)

@: no status effects
A: fangs 2, clumsy 1, frail 1, low mp 2, electricity resistance, magic shield,
antimagic bite, no device heal 3, rot immunity
a: no special abilities


You were on level 2 of the Dungeon.
You were not hungry.

You visited 1 branch of the dungeon, and saw 3 of its levels.

You collected 107 gold pieces.

Inventory:

Hand Weapons
 a - a +0 spear (weapon)
 j - a +0 dagger
Missiles
 b - 111 stones (quivered)
Armour
 c - a +0 robe (worn)
 q - a +0 cloak (worn)
Jewellery
 f - an uncursed ring of teleportation
 v - a ring of protection from magic (right hand)
Wands
 r - a wand of digging (14/24)
Scrolls
 i - a scroll of fear {unknown}
Potions
 l - a potion of heal wounds
Books
 e - a book of Geomancy

   Spells                             Type                      Level
   a - Sandblast                      Earth                        1
   b - Passwall                       Transmutation/Earth          2
   c - Stone Arrow                    Conjuration/Earth            3
   d - Petrify                        Transmutation/Earth          4
   e - Lee's Rapid Deconstruction     Earth                        5
Comestibles
 d - 2 bread rations
 h - a beef jerky
 m - a chunk of flesh
 p - 4 fruits
 w - a meat ration


   Skills:
 - Level 1.5 Dodging
 - Level 2.4 Stealth
 - Level 2.1 Spellcasting
   Level 1.0 Transmutations
 + Level 4.4 Earth Magic


You had 5 spell levels left.
You knew the following spells:

 Your Spells              Type           Power        Failure   Level  Hunger
a - Sandblast             Erth           ###...       4%          1    #......


Dungeon Overview and Level Annotations

Branches:
Dungeon (3/15)

Altars:

Annotations:
D:2 Sigmund


Innate Abilities, Weirdness & Mutations

You have extremely sharp teeth.
When hurt, damage is shared between your health and your magic reserves.
Your bite disrupts and absorbs the magic of your enemies.
Potions and wands cannot restore your health.
You are immune to rotting.
You are clumsy. (Dex -2)
You are frail. (-10% HP)
Your magical capacity is very low. (-20% MP)
You are resistant to electric shocks. (rElec)


Message History

(D) Dungeon
Where to? (Enter - D:2, ? - help)
There is an open door here.
Sigmund shouts!
Sigmund gestures at you while chanting. The magic dart hits you!
Sigmund casts a spell at you. The magic dart hits you!
There is a stone staircase leading up here.
Sigmund closely misses you.
The goblin shouts!
The goblin hits you but does no damage. The goblin barely misses you.
Sigmund closely misses you. The goblin hits you but does no damage.
Sigmund gestures at you while chanting. The magic dart hits you!
The goblin hits you with a club.
* * * LOW HITPOINT WARNING * * *
Sigmund hits you from afar with a scythe.
You die...

##### ##### #.... ....# # #.#.#
#.#.##.## # #.#.# #.#.#...#. #
#.#.###.#g...... #
#)#.....@.@..... #
#.....<.#.##.... # ###.#####.# .
#.# # #########.#####.# #.# #
#...............##+## ###.#### #
#.###.....#######...## #......# #
#.###.##.## ##.....###.#.##.# #
#........## ##>......##.#.#..#
#######.#...####.........#.#....#


You could see Sigmund and a goblin.

Vanquished Creatures
  A worm (D:2)
  2 dart slugs (D:1)
  2 leopard geckos (D:2)
  2 giant cockroaches (D:1)
  4 goblins (D:1)
  3 hobgoblins
  4 jackals (D:1)
  3 bats
  A frilled lizard (D:1)
  7 kobolds
  5 rats
34 creatures vanquished.

Notes
Turn   | Place    | Note
-------+----------+-------------------------------------------
     0 | D:1      | FitzyFitz the Vine Stalker Earth Elementalist began the quest for the Orb.
     0 | D:1      | Reached XP level 1. HP: 9/9 MP: 4/4
   321 | D:1      | Reached XP level 2. HP: 12/13 MP: 0/6
   706 | D:1      | Reached skill level 4 in Earth Magic
  1263 | D:1      | Reached XP level 3. HP: 16/16 MP: 4/7
  1892 | D:2      | Noticed Sigmund
  2408 | D:3      | Gained mutation: You are frail. (-10% HP) [potion of mutation]
  2408 | D:3      | Gained mutation: You are resistant to electric shocks. (rElec) [potion of mutation]
  2408 | D:3      | Gained mutation: You are clumsy. (Dex -2) [potion of mutation]
  2409 | D:3      | Gained mutation: Your magical capacity is low. (-10% MP) [potion of mutation]
  2409 | D:3      | Gained mutation: Your magical capacity is very low. (-20% MP) [potion of mutation]
  2500 | D:2      | Slain by Sigmund

Vault maps used:
D:1:      dpeg_arrival_signposts, hangedman_decor_growths, roderic_lattice_a
D:2:      kennysheep_big_flooded_room, nrook_mini_backslash, uniq_sigmund
D:3:      first_bread

Skill      XL: |  1  2 |
---------------+-------+-----
Earth Magic    | 4 |  4.4
Dodging        | |  1.5
Stealth        | |  2.4
Spellcasting   | |  2.1
Transmutations | |  1.0

Action                   || total
-------------------------++-------
Melee: Spear             ||    73
       Bite              ||    16
 Cast: Sandblast         ||    22
  Use: Scroll            ||     6
       Potion            ||     5
 Stab: Sleeping          ||     6
       Distracted        ||     1
  Eat: Chunk             ||     4
       Pizza             ||     1
Armor: Robe              ||     9
Dodge: Dodged            ||    36
